 Dungeon Crawl Stone Soup version 0.29.0-4-gdea44cf6ec (webtiles) character file.

Game seed: 1375556137634726832

221 qw the Chopper (level 5, -1/30 HPs)
             Began as a Tengu Warper on Aug 28, 2022.
             Slain by Menkaure (10 damage)
             ... on level 4 of the Dungeon.
             The game lasted 00:00:24 (3797 turns).

qw the Chopper (Tengu Warper)                       Turns: 3797, Time: 00:00:25

Health: -1/30      AC: 10    Str: 14    XL:     5   Next: 98%
Magic:  9/9        EV: 13    Int: 13    God:
Gold:   162        SH:  0    Dex: 16    Spells: 8/8 levels left

rFire   . . .      SeeInvis .   Y - +0 hand axe
rCold   . . .      Faith    .   (no shield)
rNeg    . . .      Spirit   .   j - +5 ring mail "Izum" {Dex+3}
rPois   .          Reflect  .   (helmet restricted)
rElec   .          Harm     .   (no cloak)
rCorr   .          Rampage  .   (no gloves)
Will    .....                   (boots unavailable)
Stlth   +.........              (no amulet)
HPRegen 0.10/turn               (no ring)
MPRegen 0.11/turn               (no ring)

@: flying quickly and evasively, quick
A: beak, talons 3, nimble flight
a: no special abilities


You were on level 4 of the Dungeon.
You visited 1 branch of the dungeon, and saw 4 of its levels.

You collected 162 gold pieces.


Innate Abilities, Weirdness & Mutations

You have a beak for a mouth.
You have claws for feet.
Your magical nature lets you fly swiftly and evasively.


   Skills:
 - Level 2.0 Fighting
 + Level 6.6 Axes
 - Level 1.0 Throwing
 - Level 1.1 Armour
 - Level 2.1 Dodging
 - Level 2.0 Spellcasting
 - Level 2.4 Translocations


You had 8 spell levels left.
You didn't know any spells.
Your spell library contained the following spells:

 Spells                   Type           Power      Damage    Failure   Level
 Blink                    Tloc           14%        N/A       30%         2
 Gell's Gravitas          Tloc           7%         N/A       52%         3
 Lesser Beckoning         Tloc           7%         N/A       52%         3
 Teleport Other           Tloc           7%         N/A       52%         3
 Manifold Assault         Tloc           7%         N/A       99%         5

Inventory:

Hand Weapons
 d - a +0 mace
 Y - a +0 hand axe (weapon)
Missiles
 h - 3 boomerangs (quivered)
Armour
 j - the +5 ring mail "Izum" (worn) {Dex+3}
   (You found it on level 2 of the Dungeon)

   Dex:       It affects your dexterity (+3).
Jewellery
 c - a ring of ice
 m - a ring of fire
Scrolls
 a - 2 scrolls of identify
 b - a scroll of teleportation
Potions
 e - a potion of resistance
 f - 4 potions of might
 g - a potion of haste
 l - a potion of curing

Dungeon Overview and Level Annotations

Branches:
Dungeon (4/15)
 Temple: D:4-7

Altars:
Ru

Annotations:
D:4 Menkaure


Message History

You kill the howler monkey!
A goblin comes into view. It is wielding a +0 club.
Throw: 3 boomerangs
Press: ? - help, Q - select action Shift-Dir - straight line, f - goblin You throw a boomerang.
The boomerang hits the goblin.
The goblin is almost dead.
Throw: 3 boomerangs
Press: ? - help, Q - select action Shift-Dir - straight line, f/p - goblin You throw a boomerang.
The boomerang hits the goblin.
You kill the goblin!
Found a sacrificial altar of Ru.
As you open the door, it creaks loudly!
There is an open door here.
Found a ring mail.
Enter note: You see here a +0 ring mail.
Menkaure, Prince of Dust comes into view.
Menkaure shouts!
Enter note:
3788 ||| Stepping ~*~*~tactically~*~*~ (hiding).
3789 ||| Stepping ~*~*~tactically~*~*~ (hiding).
3790 ||| Stepping ~*~*~tactically~*~*~ (hiding).
You start waiting.
Menkaure is nearby!
You barely miss Menkaure. Your kick misses Menkaure. Menkaure hits you!
Ouch! That really hurt!
You barely miss Menkaure. You claw Menkaure.
Menkaure is lightly damaged.
You barely miss Menkaure. You claw Menkaure, but do no damage.
Menkaure is lightly damaged.
Menkaure calls on the powers of darkness!
Your body is wracked with pain!
You barely miss Menkaure. Your peck misses Menkaure.
Menkaure is lightly damaged.
Menkaure closely misses you.
You hit Menkaure.
Menkaure is moderately damaged.
Menkaure hits you!
You die...

#+#.# #.#.# . #...#
..#####.#.##
..#.........####
..#.....M#.....
#.+.....@#..#
###.#.........# #.#
#....####...!## #.#
#.... #....# #.#
#....#####.#.#####.#
#..................#####
######........####..(..#
#[.......####...#####
#........+...<......#


You could see Menkaure.

Vanquished Creatures
  A howler monkey (D:4)
  Natasha (twice) (D:3)
  2 adders (D:3)
  2 worms
  2 dart slugs
  5 orcs (D:3)
  4 bats
  11 endoplasms
  5 giant cockroaches
  5 hobgoblins
  6 jackals
  A kobold (D:1)
  5 quokkas
  12 ball pythons
  3 frilled lizards
  9 goblins
  22 rats
97 creatures vanquished.

Notes
Turn   | Place    | Note
-------+----------+-------------------------------------------
     0 | D:1      | qw the Tengu Warper began the quest for the Orb.
     0 | D:1      | Reached XP level 1. HP: 12/12 MP: 4/4
     0 | D:1      | 0 ||| qw: Version: 0.1-a-89-g26bdef1
     0 | D:1      | 0 ||| qw: Game counter: 891
     0 | D:1      | 0 ||| qw: Always use a shield: true
     0 | D:1      | 0 ||| qw: God list: Okawaru
     0 | D:1      | 0 ||| qw: Allow faded altars: false
     0 | D:1      | 0 ||| qw: Do Orc after D:15 true
     0 | D:1      | 0 ||| qw: Do second Lair branch before Depths: true
     0 | D:1      | 0 ||| qw: Lair rune preference: random
     0 | D:1      | 0 ||| qw: Plans: Normal
     0 | D:1      | 0 ||| PLANNING D:1-11
   153 | D:1      | Found a faded altar of an unknown god.
   290 | D:1      | Reached XP level 2. HP: 17/17 MP: 6/6
   303 | D:1      | Reached skill level 3 in Axes
   329 | D:1      | 329 ||| DROPPING +0 club.
   531 | D:1      | 531 ||| Stepping ~*~*~tactically~*~*~ (stealth).
   870 | D:1      | Reached XP level 3. HP: 21/21 MP: 7/7
   949 | D:1      | 949 ||| Stepping ~*~*~tactically~*~*~ (hiding).
  1041 | D:1      | Reached skill level 4 in Axes
  1212 | D:1      | 1212 ||| DRINKING 2 sapphire potions.
  1213 | D:1      | 1213 ||| DRINKING 2 purple potions.
  1214 | D:1      | 1214 ||| DRINKING 2 bubbling inky potions.
  1215 | D:1      | 1215 ||| DROPPING scroll of blinking.
  1216 | D:1      | 1216 ||| DROPPING potion of brilliance.
  1217 | D:1      | 1217 ||| DROPPING potion of attraction.
  1278 | D:2      | 1278 ||| Stepping ~*~*~tactically~*~*~ (stealth).
  1289 | D:2      | 1289 ||| Stepping ~*~*~tactically~*~*~ (stealth).
  1311 | D:2      | 1311 ||| FLEEEEING.
  1312 | D:2      | 1312 ||| FLEEEEING.
  1314 | D:2      | 1314 ||| FLEEEEING.
  1315 | D:2      | 1315 ||| FLEEEEING.
  1316 | D:2      | 1316 ||| FLEEEEING.
  1317 | D:2      | 1317 ||| FLEEEEING.
  1318 | D:2      | 1318 ||| STAIRDANCE
  1347 | D:1      | 1347 ||| READING 2 scrolls labelled GAFESK UTTID.
  1464 | D:2      | 1464 ||| Stepping ~*~*~tactically~*~*~ (stealth).
  1465 | D:2      | 1465 ||| Stepping ~*~*~tactically~*~*~ (stealth).
  1467 | D:2      | 1467 ||| Stepping ~*~*~tactically~*~*~ (stealth).
  1470 | D:2      | 1470 ||| Stepping ~*~*~tactically~*~*~ (stealth).
  1474 | D:2      | 1474 ||| Stepping ~*~*~tactically~*~*~ (stealth).
  1477 | D:2      | 1477 ||| Stepping ~*~*~tactically~*~*~ (stealth).
  1478 | D:2      | 1478 ||| Stepping ~*~*~tactically~*~*~ (stealth).
  1485 | D:2      | 1485 ||| Stepping ~*~*~tactically~*~*~ (stealth).
  1486 | D:2      | 1486 ||| Stepping ~*~*~tactically~*~*~ (stealth).
  1489 | D:2      | 1489 ||| Stepping ~*~*~tactically~*~*~ (stealth).
  1490 | D:2      | 1490 ||| Stepping ~*~*~tactically~*~*~ (stealth).
  1764 | D:2      | Reached XP level 4. HP: 26/26 MP: 8/8
  1767 | D:2      | 1767 ||| Stepping ~*~*~tactically~*~*~ (stealth).
  1768 | D:2      | 1768 ||| Stepping ~*~*~tactically~*~*~ (stealth).
  1770 | D:2      | 1770 ||| Stepping ~*~*~tactically~*~*~ (stealth).
  1771 | D:2      | 1771 ||| Stepping ~*~*~tactically~*~*~ (stealth).
  1773 | D:2      | 1773 ||| Stepping ~*~*~tactically~*~*~ (stealth).
  1775 | D:2      | 1775 ||| Stepping ~*~*~tactically~*~*~ (stealth).
  1781 | D:2      | 1781 ||| Stepping ~*~*~tactically~*~*~ (stealth).
  1790 | D:2      | 1790 ||| Stepping ~*~*~tactically~*~*~ (stealth).
  1791 | D:2      | 1791 ||| Stepping ~*~*~tactically~*~*~ (stealth).
  1814 | D:2      | 1814 ||| Stepping ~*~*~tactically~*~*~ (stealth).
  1868 | D:2      | 1868 ||| Stepping ~*~*~tactically~*~*~ (stealth).
  1877 | D:2      | Identified the +5 ring mail "Izum" {Dex+3}
  2085 | D:2      | 2085 ||| FLEEEEING.
  2086 | D:2      | 2086 ||| FLEEEEING.
  2087 | D:2      | 2087 ||| FLEEEEING.
  2088 | D:2      | 2088 ||| FLEEEEING.
  2089 | D:2      | 2089 ||| FLEEEEING.
  2090 | D:2      | 2090 ||| FLEEEEING.
  2144 | D:2      | Reached skill level 5 in Axes
  2444 | D:2      | 2444 ||| UPGRADING to +0 scale mail.
  2454 | D:2      | 2454 ||| DROPPING +0 leather armour.
  2455 | D:2      | 2455 ||| UPGRADING to +5 ring mail "Izum" {Dex+3}.
  2465 | D:2      | 2465 ||| DROPPING +0 scale mail.
  2466 | D:2      | 2466 ||| DROPPING amulet of faith.
  2467 | D:2      | 2467 ||| READING scroll labelled CYPSOH TIMI.
  2468 | D:2      | 2468 ||| DRINKING 2 glowing blue potions.
  2469 | D:2      | 2469 ||| DRINKING 2 green potions.
  2507 | D:3      | 2507 ||| Stepping ~*~*~tactically~*~*~ (stealth).
  2510 | D:3      | 2510 ||| Stepping ~*~*~tactically~*~*~ (stealth).
  2511 | D:3      | 2511 ||| Stepping ~*~*~tactically~*~*~ (stealth).
  2890 | D:3      | Noticed Natasha
  2897 | D:3      | Killed Natasha
  2898 | D:3      | Gained mutation: Your magical nature lets you fly swiftly
                  | and evasively. [Tengu growth]
  2898 | D:3      | Reached XP level 5. HP: 11/30 MP: 9/9
  3373 | D:3      | 3373 ||| Stepping ~*~*~tactically~*~*~ (stealth).
  3379 | D:3      | Noticed Natasha
  3380 | D:3      | 3380 ||| Stepping ~*~*~tactically~*~*~ (stealth).
  3381 | D:3      | 3381 ||| Stepping ~*~*~tactically~*~*~ (stealth).
  3384 | D:3      | 3384 ||| Stepping ~*~*~tactically~*~*~ (hiding).
  3399 | D:3      | Killed Natasha
  3400 | D:3      | Reached skill level 6 in Axes
  3703 | D:3      | 3703 ||| READING 2 scrolls labelled WEM KOXASE VEZ.
  3708 | D:3      | 3708 ||| READING scroll labelled ALATEKLASO.
  3709 | D:3      | 3709 ||| READING scroll labelled BOAJAO ZILICW.
  3710 | D:3      | 3710 ||| READING scroll labelled MEVUTT COIFABLY.
  3710 | D:3      | Identified a scroll of acquirement
  3710 | D:3      | 3710 ||| ACQUIRING ring of ice
  3710 | D:3      | Acquired a ring of ice
  3712 | D:3      | 3712 ||| READING 3 scrolls of identify.
  3712 | D:3      | 3712 ||| IDENTIFYING lumpy purple potion
  3760 | D:4      | Found a sacrificial altar of Ru.
  3787 | D:4      | Noticed Menkaure
  3788 | D:4      | 3788 ||| Stepping ~*~*~tactically~*~*~ (hiding).
  3789 | D:4      | 3789 ||| Stepping ~*~*~tactically~*~*~ (hiding).
  3790 | D:4      | 3790 ||| Stepping ~*~*~tactically~*~*~ (hiding).
  3797 | D:4      | Slain by Menkaure

Levels and vault maps discovered:
D:1:      amcnicky_arrival_choice, layout_loops_ring,
          ebering_ecumenical_altar_hall, solitary_fountain, minmay_box_of_dots
D:2:      layout_basic, minmay_rat_hole
D:3:      layout_loops_ring, chequers_decorated_corner, uniq_natasha
D:4:      layout_basic, mainiacjoe_overflow_alcove_4, uniq_menkaure

Skill      XL: |  1  2  3  4  5 |
---------------+----------------+-----
Axes           | 3 4 5 6 |  6.6
Fighting       | |  2.0
Throwing       | |  1.0
Armour         | |  1.1
Dodging        | |  2.1
Spellcasting   | |  2.0
Translocations | |  2.4

Action                   |  1- 3 |  4- 6 || total
-------------------------+-------+-------++-------
Melee: Hand axe          |   101 |   105 ||   206
       Peck              |    13 |    15 ||    28
       Kick              |    22 |    23 ||    45
       Unarmed           |       |    14 ||    14
Throw: Boomerang         |    14 |    52 ||    66
  Use: Potion            |     3 |     2 ||     5
       Scroll            |     1 |     6 ||     7
Armor: Leather armour    |    18 |     2 ||    20
       Ring mail         |       |    22 ||    22
       Skin              |       |     4 ||     4
Dodge: Dodged            |    61 |    62 ||   123

Table legend:
 A = Non-vault XP
 B = Vault XP
 C = Vault XP percentage of total XP
 D = Non-vault monster count
 E = Vault monster count
 F = Vault count percentage of total count
                 A         B        C        D         E       F
            +---------+---------+-------+---------+---------+-------
      Total |     258 |      59 |  18.6 |      75 |      22 |  22.7
            +---------+---------+-------+---------+---------+-------
        D:1 |      44 |       4 |   8.3 |      24 |       2 |   7.7
        D:2 |      51 |      20 |  28.2 |      26 |      19 |  42.2
        D:3 |     106 |      35 |  24.8 |      23 |       1 |   4.2
        D:4 |      57 |       0 |   0.0 |       2 |       0 |   0.0
            +---------+---------+-------+---------+---------+-------
